 Dungeon Crawl Stone Soup version 0.17-a0-1871-gdc8eb4e (webtiles) character file.

500 DecibelRebel the Conjurer (level 7, -1/32 HPs)
             Began as a Vine Stalker Wizard on Sept 20, 2015.
             Slain by a killer bee zombie (5 damage)
             ... on level 5 of the Dungeon on Sept 21, 2015.
             The game lasted 00:36:43 (3746 turns).

DecibelRebel the Conjurer (Vine Stalker Wizard)     Turns: 3746, Time: 00:36:44

Health: -1/32      AC:  3    Str: 10    XL:     7   Next: 16%
Magic:  0/14       EV: 12    Int: 20    God:
Gold:   269        SH:  0    Dex: 12    Spells: 6 memorised, 1 level left

rFire  . . .     SeeInvis .     j - +1 spear (venom)
rCold  . . .     Clarity  .     a - +0 robe
rNeg   . . .     SustAt   .     (no shield)
rPois  .         Gourm    .     b - +0 hat
rElec  .         Spirit   +     (no cloak)
rCorr  .         Warding  .     (no gloves)
rMut   .         Stasis   .     l - +0 pair of boots
MR     .....                    (no amulet)
Stlth  ++........               (no ring)
                                (no ring)

@: not resistant to hostile enchantments, unstealthy
A: fangs 2, regeneration 2, magic shield, antimagic bite, no device heal 3, rot
immunity
a: no special abilities


You were on level 5 of the Dungeon.
You were very hungry.

You visited 1 branch of the dungeon, and saw 5 of its levels.

You collected 269 gold pieces.

Inventory:

Hand weapons
 j - a +1 spear of venom (weapon)
Armour
 a - a +0 robe (worn)
 b - a +0 hat (worn)
 l - a +0 pair of boots (worn)
Jewellery
 i - an uncursed ring of fire {unknown}
 k - a +2 ring of protection {unknown}
 y - an uncursed ring of wizardry {unknown}
Magical devices
 u - a wand of enslavement (12)
Scrolls
 e - 2 scrolls of remove curse {unknown}
 f - 9 scrolls of identify {unknown}
 m - 2 scrolls of blinking {unknown}
 o - a scroll of teleportation {unknown}
 p - 2 scrolls of random uselessness {unknown}
 q - a scroll of immolation {unknown}
 s - a scroll of amnesia {unknown}
 v - a scroll of fear {unknown}
 x - a scroll of enchant weapon {unknown}
Potions
 n - a potion of heal wounds {unknown}
 t - a potion of poison {unknown}
 A - a potion of mutation {unknown}
Books
 c - a book of Minor Magic

   Spells                             Type                      Level
   a - Magic Dart                     Conjuration                  1
   b - Blink                          Translocation                2
   c - Call Imp                       Summoning                    2
   d - Repel Missiles                 Charms/Air                   2
   e - Slow                           Hexes                        2
   f - Conjure Flame                  Conjuration/Fire             3
   g - Mephitic Cloud                 Conjuration/Poison/Air       3
Comestibles
 d - 3 bread rations
 g - a slice of pizza
 h - 2 fruits
 r - a royal jelly
 w - 2 chunks of flesh
 z - a meat ration


   Skills:
 - Level 1.5 Dodging
 - Level 3.2 Stealth
 - Level 4.0 Spellcasting
 - Level 6.0 Conjurations
 - Level 1.0 Summonings
 - Level 1.0 Translocations
 + Level 2.8 Air Magic


You had one spell level left.
You knew the following spells:

 Your Spells              Type           Power        Failure   Level  Hunger
a - Magic Dart            Conj           ####         1%          1    None
b - Blink                 Tloc           N/A          14%         2    #......
c - Call Imp              Summ           #.......     14%         2    #......
d - Repel Missiles        Chrm/Air       #.....       14%         2    #......
e - Mephitic Cloud        Conj/Pois/Air  ###.....     14%         3    ###....
f - Conjure Flame         Conj/Fire      ###.....     12%         3    ###....


Dungeon Overview and Level Annotations

Branches:
Dungeon (5/15)
 Temple: D:4-7

Altars:

Shops:
D:5 [


Innate Abilities, Weirdness & Mutations

You have extremely sharp teeth.
You heal very quickly.
When hurt, damage is shared between your health and your magic reserves.
Your bite disrupts and absorbs the magic of your enemies.
Potions and wands cannot restore your health.
You are immune to rotting.


Message History

You hit the killer bee zombie. Your bite misses the killer bee zombie.
The killer bee zombie misses you.
The killer bee zombie barely misses you.
You hit the killer bee zombie.
The killer bee zombie barely misses you.
The killer bee zombie hits you.
You barely miss the killer bee zombie.
The killer bee zombie barely misses you.
The killer bee zombie closely misses you.
You closely miss the killer bee zombie.
The killer bee zombie closely misses you.
The killer bee zombie hits you.
* * * LOW HITPOINT WARNING * * *
The killer bee zombie hits you.
* * * LOW HITPOINT WARNING * * *
Casting: Blink
Confirm with . or Enter, or press ? or * to list all spells.
You don't have enough magic to cast that spell.
The killer bee zombie hits you.
You die...

.##.....# #.............. ....
.......# #....)......... .......
......# ##............ .......
#.....# ...............
........##.....# ###............
........###...# #...........o..
........##....+ #...........)..
...........#######...........)..
...............@Zo..............
.........#########รท.............
.....(..........................
.......<...#####................
#######+..##....................
#.......#.#...............
#.#.#.#.................$.
#........######.###$#+####
#.#.#.#..# #.# #...


You could see an orc and a killer bee zombie.

Vanquished Creatures
  A phantom (D:5)
  A crimson imp (D:5)
  An orc priest (D:3)
  Ijyb (D:3)
  4 worker ants (D:4)
  An orc wizard (D:3)
  6 adders
  4 gnolls (D:3)
  An adder zombie (D:5)
  An ooze (D:2)
  2 worms
  A giant gecko (D:1)
  15 orcs
  2 ball pythons
  4 bats
  4 giant cockroaches
  7 hobgoblins
  A quokka (D:2)
  5 giant newts
  4 goblins
  13 jackals
  5 kobolds
  5 rats
  A fungus (D:3)
90 creatures vanquished.

Vanquished Creatures (collateral kills)
  An adder (D:2)
  2 goblins
  A kobold (D:1)
4 creatures vanquished.

Grand Total: 94 creatures vanquished

Notes
Turn   | Place    | Note
--------------------------------------------------------------
     0 | D:1      | DecibelRebel the Vine Stalker Wizard began the quest for the Orb.
     0 | D:1      | Reached XP level 1. HP: 9/9 MP: 5/5
   259 | D:1      | Reached XP level 2. HP: 13/13 MP: 1/7
   538 | D:1      | Learned a level 2 spell: Blink
   541 | D:1      | Learned a level 2 spell: Call Imp
   544 | D:1      | Learned a level 2 spell: Repel Missiles
   807 | D:1      | Reached skill level 4 in Spellcasting
  1011 | D:2      | Reached XP level 3. HP: 12/16 MP: 2/9
  1243 | D:2      | Learned a level 3 spell: Mephitic Cloud
  1364 | D:2      | Reached XP level 4. HP: 15/21 MP: 6/11
  1668 | D:2      | You fall through a shaft!
  2047 | D:3      | Reached XP level 5. HP: 20/24 MP: 9/12
  2478 | D:3      | Noticed Ijyb
  2489 | D:3      | Killed Ijyb
  2489 | D:3      | Reached skill level 5 in Conjurations
  2489 | D:3      | Gained mutation: You heal very quickly. [Vine Stalker growth]
  2489 | D:3      | Reached XP level 6. HP: 28/28 MP: 1/13
  2534 | D:3      | Learned a level 3 spell: Conjure Flame
  3606 | D:5      | Entered Level 5 of the Dungeon
  3620 | D:5      | Reached skill level 6 in Conjurations
  3659 | D:5      | Found Sepaq's Antique Armour Emporium.
  3668 | D:5      | Reached skill level 1 in Air Magic
  3711 | D:5      | Reached XP level 7. HP: 11/32 MP: 2/14
  3746 | D:5      | Slain by a killer bee zombie

Vault maps used:
D:1:      minmay_arrival_nine_rooms, hex_tiny
D:3:      minmay_gold_behind_fungi, uniq_iyjb
D:4:      lemuel_upstairs_altar, first_bread
D:5:      nicolae_overflow_crystal_walls, serial_co_window_serial,
          co_window_paths_a, co_window_paths_a, co_window_paths_a,
          co_window_paths_b, co_window_paths_a, co_window_corner_b,
          co_window_broadway_b, co_window_broadway_c, co_window_sun,
          co_window_4corner_b, glass_columns_b, serial_shops, shop,
          nicolae_shop_stone, shop, shop_coins, fedhas_altar_3

Action                   |  1- 3 |  4- 6 |  7- 9 || total
-------------------------+-------+-------+-------++-------
Melee: Unarmed           |    13 |       |       ||    13
       Spear             |    18 |   123 |    10 ||   151
 Cast: Magic Dart        |    41 |   106 |     3 ||   150
       Call Imp          |     4 |     2 |       ||     6
       Blink             |     1 |     1 |     2 ||     4
       Mephitic Cloud    |     1 |    10 |       ||    11
       Conjure Flame     |       |     2 |       ||     2
 Stab: Sleeping          |     2 |       |       ||     2
  Eat: Chunk             |     1 |     8 |       ||     9
